 Dungeon Crawl Stone Soup version 0.27.0-1-g7a089689b8 (webtiles) character file.

Game seed: 14656407503516835379

778 wakim the Frost Mage (level 7, -3/40 HPs)
             Began as a Deep Elf Ice Elementalist on Aug 3, 2021.
             Was a Follower of Vehumet.
             Killed by nerve-wracking pain
             ... invoked by Grinder
              (9 damage)
             ... on level 5 of the Dungeon.
             The game lasted 00:16:34 (5233 turns).

wakim the Frost Mage (Deep Elf Ice Elementalist)    Turns: 5233, Time: 00:16:34

Health: -3/40      AC:  4    Str:  5    XL:     7   Next: 54%
Magic:  8/15       EV: 14    Int: 22    God:    Vehumet [*.....]
Gold:   35         SH:  0    Dex: 15    Spells: 7/14 levels left

rFire    . . .     SeeInvis .   b - +0 rapier
rCold    . . .     Faith    .   (no shield)
rNeg     . . .     Spirit   .   g - +0 robe
rPois    .         Reflect  .   (no helmet)
rElec    .         Harm     .   (no cloak)
rCorr    .         Rampage  .   (no gloves)
Will     .....                  j - +1 pair of boots
Stlth    ++........             (no amulet)
HPRegen  0.13/turn              (no ring)
MPRegen  0.14/turn              (no ring)

@: very slightly contaminated, invisible
A: no striking features
a: Renounce Religion


You were on level 5 of the Dungeon.
You worshipped Vehumet.
Vehumet was aware of your devotion.
You visited 1 branch of the dungeon, and saw 5 of its levels.
You also visited: Ossuary.

You collected 302 gold pieces.
You spent 267 gold pieces at shops.

Inventory:

Hand Weapons
 a - a +0 long sword of holy wrath
 b - a +0 rapier (weapon)
Missiles
 f - a throwing net {=f!f}
 m - a curare-tipped dart {=f}
Armour
 g - a +0 robe (worn)
 j - a +1 pair of boots (worn)
Jewellery
 h - an amulet of faith
Scrolls
 c - 3 scrolls of enchant weapon
 e - a scroll of blinking {unknown}
 i - 2 scrolls of amnesia
 l - a scroll of silence {unknown}
 n - a scroll of noise {unknown}
 o - a scroll of fear {unknown}
 q - a scroll of enchant armour
 T - a scroll of teleportation
Potions
 d - a potion of degeneration {!q}
 k - a potion of berserk rage {unknown}
 A - a potion of ambrosia
 B - a potion of attraction {!q}
 F - a potion of curing
 G - 2 potions of flight
 J - 5 potions of heal wounds
 L - a potion of lignification {!q}
 M - 2 potions of mutation {!q}
 N - 4 potions of might


   Skills:
 + Level 2.2 Fighting
 - Level 0.1 Short Blades
 - Level 6.0 Dodging
 - Level 2.4 Stealth
 - Level 4.0 Spellcasting
 - Level 8.0 Ice Magic


You had 7 spell levels left.
You knew the following spells:

 Your Spells              Type           Power      Damage    Failure   Level
a - Freeze                Ice            100%       1d11      1%          1
b - Frozen Ramparts       Ice            78%        1d9       1%          3
c - Ozocubu's Armour      Ice            39%        N/A       1%          3

Your spell library contained the following spells:

 Spells                   Type           Power      Damage    Failure   Level
 Magic Dart               Conj           16%        1d3       11%         1
 Blink                    Tloc           N/A        N/A       17%         2
 Hailstorm                Conj/Ice       22%        3d7       22%         4
 Lesser Beckoning         Tloc           2%         N/A       32%         3
 Manifold Assault         Tloc           4%         N/A       97%         5


Dungeon Overview and Level Annotations

Branches:
Dungeon (5/15)             Temple (0/1) D:4         Ossuary (visited)

Altars:
Gozag
Kikubaaqudgha
Qazlal
Ru
Vehumet

Shops:
D:3 *?!

Annotations:
D:5 Grinder


Message History

The wall freezes the phantom but does no damage.
The wall freezes the steam dragon!
The steam dragon breathes steam at you. The ball of steam hits you!
* * * LOW HITPOINT WARNING * * *
The heat melts your icy armour.
You fade into invisibility!
* * * LOW HITPOINT WARNING * * *
The frozen ramparts melt away.
Grinder barely misses you. The steam dragon closely misses you.
The steam dragon claws you.
* * * LOW HITPOINT WARNING * * *
You are very lightly contaminated with residual magic.
The heat melts your icy armour.
Casting: Freeze (safe; 1% risk of failure)
Confirm with . or Enter, or press ? or * to list all spells.
The walls around you are covered in ice.
Grinder completely resists.
The wall freezes Grinder but does no damage.
Grinder gestures at you. You resist with some effort.
The phantom completely resists.
The wall freezes the phantom but does no damage.
The wall freezes the steam dragon!
You kill the steam dragon!
Vehumet accepts your kill.
Training target 6.0 for Dodging reached!
Your Fighting skill increases to level 2!
Your Dodging skill increases to level 6!
You hit Grinder.
Grinder is heavily wounded.
The phantom resists.
The wall freezes the phantom.
Grinder completely resists.
The wall freezes Grinder but does no damage.
Grinder blinks!
Your icy armour and frozen ramparts will break if you move.
Continue?
Your icy armour cracks and falls away as you move.
The frozen ramparts melt away as you move.
Grinder gestures at you.
You struggle to resist.
Grinder gestures at you. Pain shoots through your body!
You die...

... .### ### #W#
......# ........# #..#
#.#.#.# #..# #.5.†.#
#..# #.# #..#
####.######..#
##............###.#
####.......5....@<...#
......##.#######.#####
#####.##.##### #.#
#####.##.....###.#
.........###..##.#
###...#.## ##....#
#.#...# #....# #...###
###..# #..## #+# ##.#


You could see Grinder.

Vanquished Creatures
  A steam dragon (D:5)
  2 necrophages
  A kobold brigand (D:5)
  A scorpion (D:5)
  A howler monkey (D:5)
  A jelly (D:4)
  A hound (D:3)
  An orc wizard (D:4)
  An iguana (D:5)
  8 adders
  An ufetubus (D:4)
  A worm (D:2)
  2 dart slugs
  4 orcs
  7 bats
  11 endoplasms
  4 giant cockroaches
  7 goblins
  11 hobgoblins
  12 jackals
  13 kobolds
  2 quokkas
  11 ball pythons
  3 frilled lizards (D:1)
  6 rats
113 creatures vanquished.

Vanquished Creatures (others)
  2 plants (D:3)
2 creatures vanquished.

Grand Total: 115 creatures vanquished

Notes
Turn   | Place    | Note
-------+----------+-------------------------------------------
     0 | D:1      | wakim the Deep Elf Ice Elementalist began the quest for the
                  | Orb.
     0 | D:1      | Reached XP level 1. HP: 10/10 MP: 6/6
   227 | D:1      | Reached XP level 2. HP: 10/15 MP: 4/8
   567 | D:1      | Reached skill level 5 in Ice Magic
   882 | D:1      | Reached XP level 3. HP: 19/19 MP: 7/9
   886 | D:1      | Learned a level 3 spell: Frozen Ramparts
  1087 | D:1      | Learned a level 3 spell: Ozocubu's Armour
  1459 | D:1      | Found a faded altar of an unknown god.
  1701 | D:2      | Reached XP level 4. HP: 24/24 MP: 7/11
  2062 | D:2      | Found a sacrificial altar of Ru.
  2154 | D:2      | Reached skill level 6 in Ice Magic
  2289 | D:2      | You fall into a shaft and drop 1 floor!
  2386 | D:3      | Found Gomuka's Assorted Antiques.
  2410 | D:3      | Bought a scroll labelled HEC DYKEAM for 28 gold pieces
  2460 | D:3      | Reached XP level 5. HP: 16/28 MP: 9/13
  2605 | D:3      | Found Fast's Magic Scroll Shop.
  2660 | D:3      | Found an opulent altar of Gozag.
  2730 | D:3      | Found Itwumaud's Distillery.
  2738 | D:3      | Bought a potion of heal wounds for 50 gold pieces
  2869 | D:3      | Found a radiant altar of Vehumet.
  2880 | D:3      | Became a worshipper of Vehumet
  3041 | D:4      | Found a sand-covered staircase.
  3055 | D:4      | Reached skill level 7 in Ice Magic
  3081 | Ossuary  | Entered an ossuary
  3641 | D:4      | Found a staircase to the Ecumenical Temple.
  3645 | D:4      | Noticed an ice beast
  3773 | D:4      | Reached XP level 6. HP: 27/32 MP: 10/14
  4117 | D:4      | Found a sacrificial altar of Ru.
  4159 | D:4      | Found a stormy altar of Qazlal.
  4389 | D:2      | Reached skill level 8 in Ice Magic
  4712 | D:3      | Bought a scroll of identify for 28 gold pieces
  4712 | D:3      | Bought a scroll of enchant weapon for 105 gold pieces
  4712 | D:3      | Bought a scroll of identify for 28 gold pieces
  4712 | D:3      | Bought a scroll of identify for 28 gold pieces
  4813 | D:4      | Found an ancient bone altar of Kikubaaqudgha.
  4876 | D:5      | Entered Level 5 of the Dungeon
  4934 | D:5      | Reached * piety under Vehumet
  4934 | D:5      | Offered knowledge of Magic Dart by Vehumet.
  5055 | D:5      | Found the +9 scales of the Dragon King {rPois rF+ rC+
                  | Will+}
  5065 | D:5      | Reached skill level 1 in Fighting
  5065 | D:5      | Reached XP level 7. HP: 38/38 MP: 9/15
  5190 | D:5      | Reached skill level 5 in Dodging
  5211 | D:5      | Noticed Grinder
  5215 | D:5      | Noticed a steam dragon
  5223 | D:5      | Killed a steam dragon
  5233 | D:5      | Killed from afar by Grinder

Illustrated notes

Levels and vault maps discovered:
D:1:      dpeg_arrival_castle, layout_basic,
          hellmonk_ecumenical_altar_inner_sanctum, minmay_misc_feat_rows
D:2:      layout_basic, basic_altar
D:3:      layout_basic, nicolae_vehumet_altar_sigil, grunt_gozag_breadcrumbs,
          serial_shops, shop_statue, shop, shop_coins,
          chequers_hall_statues_corner_a, serial_bayou_lagoon_b
D:4:      layout_cave_pods, zin_angel, nicolae_tso_swordbearing_angel,
          mainiacjoe_overflow_surrounded_room, nicolae_ru_awakened_eye,
          kennysheep_mini, minmay_temple_entry_grid,
          nicolae_ossuary_entry_monument, cheibrodos_gnoll_hut
D:5:      layout_loops_ring, nemelex_dance_club_becter, serial_shops, shop,
          uniq_grinder, uniq_pikel, uniq_sigmund

Skill      XL: |  1  2  3  4  5  6  7 |
---------------+----------------------+-----
Dodging        | 3 4 6 |  6.0
Ice Magic      | 5 6 7 8 |  8.0
Spellcasting   | 4 |  4.0
Fighting       | 1 2 |  2.2
Short Blades   | |  0.1
Stealth        | |  2.4

Action                   |  1- 3 |  4- 6 |  7- 9 || total
-------------------------+-------+-------+-------++-------
Melee: Short sword       |     5 |    15 |       ||    20
       Rapier            |       |    25 |     8 ||    33
 Cast: Freeze            |    48 |     6 |     2 ||    56
       Frozen Ramparts   |     9 |    37 |     4 ||    50
       Ozocubu's Armour  |       |     6 |     1 ||     7
  Use: Scroll            |       |    12 |       ||    12
       Potion            |       |       |     1 ||     1
 Stab: Distracted        |       |     1 |       ||     1
       Sleeping          |       |     2 |       ||     2
Armor: Robe              |     5 |    21 |     7 ||    33
Dodge: Dodged            |    29 |    50 |    14 ||    93
